[Event "British Rapidplay Championship 2023"]
[Site "Mercure Bradford, Bankfield Hotel"]
[Date "2023.04.16"]
[Round "7.14"]
[White "Khoury, Theo"]
[Black "Hutchinson, Paul A"]
[Result "1-0"]
[TimeControl "15 minutes plus 10 seconds per move"]
[WhiteElo "1772"]
[BlackElo "2184"]

1. e4 d5 2. exd5 Qxd5 3.
Nc3 Qa5 4. d4 Nf6 5. Nf3 c6 6. Bc4 Nbd7 7. O-O e6 8. Bd2 Qc7 9. Re1 Be7 10. Qe2 b5 11. Bb3 a5 12. a4 b4 13.
Ne4 Nxe4 14. Qxe4 Nf6 15. Qe5 Qxe5 16. Nxe5 Bb7 17. c4 O-O 18. Bd1 Rfd8 19. Bf3 Rac8 20. Be3 Nd7 21. Nd3 Bf6 22.
Rad1 Nb6 23. Nc5 Ba8 24. b3 Nd7 25. Ne4 Be7 26. Bf4 h6 27. Bd6 Bf6 28. Nxf6+ Nxf6 29. Be7 Rd7 30. Bc5 Rb8 31.
g4 Ne8 32. h4 Nc7 33. Ba7 Rc8 34. Bb6 Na6 35. c5 Nc7 36. Bxa5 Rb8 37. Bxc7 Rxc7 38. a5 Rd7 39. a6 Rbd8 40.
Kg2 Rxd4 41. Rxd4 Rxd4 42. Rd1 Rxd1 43. Bxd1 Kf8 44. Kf3 Ke7 45. Ke4 h5 46. g5 g6 47. Ke5 Kd7 48. Kf6 Ke8 49.
f4 Kf8 50. Be2 Ke8 51. Bf1 Kf8 52. Bc4 Ke8 53. Bxe6 fxe6 54. Kxe6 Kd8 55. Kf6 Kd7 56. Kxg6 Ke6 57. f5+ Kd5 58. f6 Kxc5 59. f7 Kb6 60. f8=Q 1-0

[Event "British Rapidplay Championship 2023"]
[Site "Mercure Bradford, Bankfield Hotel"]
[Date "2023.04.16"]
[Round "7.15"]
[White "Cuaresma, Gerald"]
[Black "Quilter, Thomas A"]
[Result "0-1"]
[TimeControl "15 minutes plus 10 seconds per move"]
[WhiteElo "1741"]
[BlackElo "2134"]

1. d4 Nf6 2. Bg5 Ne4 3. h4 d5 4. Nd2 c5 5. Nxe4 dxe4 6. dxc5 Qa5+ 7. c3 Qxc5 8. Qa4+ Qc6 9. Qd4 f6 10. Be3 e5 11. Qd2 Be6 12.
f3 Nd7 13. Qc2 Bc5 14. Bxc5 Nxc5 15. g4 Rd8 16. b4 Na4 17. Rc1 e3 18. b5 Qc4 0-1

[Event "British Rapidplay Championship 2023"]
[Site "Mercure Bradford, Bankfield Hotel"]
[Date "2023.04.16"]
[Round "7.17"]
[White "Bak, Christopher"]
[Black "Larchikov, Maksym"]
[Result "0-1"]
[TimeControl "15 minutes plus 10 seconds per move"]
[WhiteElo "2116"]
[BlackElo "1871"]

1. d4 d5 2. c4 e6 3. cxd5 exd5 4. Nc3 Nf6 5. Bg5 Be7 6. Qc2 c6 7. e3 O-O 8. Bd3 Nbd7 9. Nge2 Re8 10.
O-O Nf8 11. Rab1 a5 12. a3 h6 13. Bf4 b5 14. b4 axb4 15. axb4 Bd6 16. Rfd1 Bxf4 17. Nxf4 Qd6 18. Bxb5 cxb5 19.
Nxb5 Qd8 20. Nc7 Bf5 21. Qxf5 Qxc7 22. Nxd5 Nxd5 23. Qxd5 Red8 24. Qc5 Ne6 25. Qxc7 Nxc7 26. g4 Rab8 27.
Rdc1 Nd5 28. b5 Rdc8 29. Rc5 Nc3 30. Rb3 Ne4 31. Rxc8+ Rxc8 32. Kg2 Kf8 33. Rb2 Rb8 34. f4 Nd6 35. Kf3 Rxb5 36. Ra2 Ke7 37. Ra6 Rb3 38. Rc6 Kd7 39.
Rc5 g6 40. h3 Rb5 41. Rc3 f5 42. Ra3 Ke6 43. Rc3 Rb2 44. Rc6 Kd7 45. gxf5 gxf5 46. Rc5 Ke6 47. Rc6 Rb5 48. Ra6 Kd5 49.
Kg3 Rb3 50. Ra5+ Ke6 51. Re5+ Kf6 52. Kf2 Rb2+ 53. Kg3 Rb3 54. Kf2 Nc4 55. Re8 Kf7 56. Rh8 Rb2+ 57. Kf3 Kg6 58. Rg8+ Kh5 59.
Rf8 Kg6 60. Rg8+ Kf7 61. Rh8 Rb3 62. Rxh6 Rxe3+ 63. Kf2 Re4 64. Kg3 Rxd4 65. Ra6 Nd6 66. Kh4 Rxf4+ 67. Kg5 Rd4 68. h4 f4 69.
Kg4 Nc4 70. h5 Ne5+ 71. Kf5 Nd3 72. Ra7+ Kg8 73. Kg6 Rd6+ 74. Kg5 f3 75. Ra8+ Kf7 76. Ra7+ Ke6 77. h6 f2 78. h7 f1=Q 79.
h8=Q Qg1+ 80. Kh6 Qxa7 81. Qg8+ Ke5+ 82. Kg5 Qe3 83. Kg4 Nf2+ 84. Kh4 Rh6+ 0-1

[Event "British Rapidplay Championship 2023"]
[Site "Mercure Bradford, Bankfield Hotel"]
[Date "2023.04.16"]
[Round "7.18"]
[White "Fava, Lorenzo"]
[Black "Mosnegutu, Klauss"]
[Result "0-1"]
[TimeControl "15 minutes plus 10 seconds per move"]
[WhiteElo "1728"]
[BlackElo "2229"]

1. e4 c5 2. Nf3 d6 3. Bb5+ Nc6 4. O-O Bd7 5. d4 cxd4 6. Nxd4 Nf6 7. Nc3 e5 8. Nxc6 bxc6 9. Bc4 Rb8 10.
Bb3 Be6 11. Bxe6 fxe6 12. f4 exf4 13. Bxf4 Rxb2 14. Qe2 e5 15. Bg5 Be7 16. Qc4 Qd7 17. Rad1 Rxc2 18. Qb3 Rxc3 19. Qxc3 Nxe4 20. Qb3 Nxg5 21. h4 Ne6 22.
Qb8+ Nd8 23. Qb3 d5 24. h5 Bc5+ 25. Kh1 Qg4 26. Rf3 Qxh5+ 27. Rh3 Qg4 28. Rg3 Qh4+ 29. Rh3 Qe7 30. Qc2 e4 31.
Rc3 Bb6 32. Rf1 Rf8 33. Rxf8+ Kxf8 0-1

[Event "British Rapidplay Championship 2023"]
[Site "Mercure Bradford, Bankfield Hotel"]
[Date "2023.04.16"]
[Round "7.19"]
[White "Ciuravin, Andrei"]
[Black "Mokhber-Garcia, Sebastian"]
[Result "1-0"]
[TimeControl "15 minutes plus 10 seconds per move"]
[WhiteElo "2185"]
[BlackElo "1815"]

1. d4 Nf6 2. Bg5 Ne4 3. Bh4 d5 4. f3 Nf6 5. Nc3 c6 6. e4 dxe4 7. fxe4 Qb6 8. Rb1 e6 9. h3 Bb4 10.
Bxf6 gxf6 11. Nf3 Nd7 12. Qd2 Nf8 13. a3 Bd6 14. e5 fxe5 15. dxe5 Be7 16. Ne4 Bd7 17. Nd6+ Bxd6 18. exd6 O-O-O 19. Ne5 Be8 20. Nc4 Qc5 21. b4 Qd5 22. Qe3 Kb8 23. Rd1 Qh5 24. Be2 Qg6 25. O-O Rg8 26. Bf3 Nd7 27. Rd2 Nf6 28.
Ne5 Qg5 29. Qe2 Nd5 30. Bxd5 exd5 31. d7 Bxd7 32. Nxf7 Qg3 33. Nxd8 Rxd8 34. Rd3 Qg7 35. Qf2 Rg8 36. Qf4+ Kc8 37.
Rf2 Re8 38. Re3 Rxe3 39. Qxe3 a6 40. Kh2 Qg8 41. Qf4 Qg6 42. Qg3 Bf5 43. Qxg6 hxg6 44. g4 Be4 45. Kg3 Kc7 46. Kf4 b6 47.
c4 Kd6 48. cxd5 cxd5 49. h4 Kc6 50. Ke3 Kb5 51. Kd4 Ka4 52. h5 gxh5 53. gxh5 Kxa3 54. Kc3 Bb1 55. h6 d4 56. Kxd4 b5 57.
Kc5 Bd3 58. Rf6 a5 59. bxa5 b4 60. a6 b3 61. a7 Be4 62. a8=Q+ Bxa8 63. Ra6+ 1-0

[Event "British Rapidplay Championship 2023"]
[Site "Mercure Bradford, Bankfield Hotel"]
[Date "2023.04.16"]
[Round "7.20"]
[White "Coles, Steven F"]
[Black "Buckley, Colm"]
[Result "0-1"]
[TimeControl "15 minutes plus 10 seconds per move"]
[WhiteElo "1969"]
[BlackElo "1870"]

1. d4 e6 2. Nf3 Nf6 3. Bg5 c5 4.
c3 Qb6 5. Qb3 Nc6 6. e3 d5 7. Nbd2 Bd6 8. Bxf6 gxf6 9. g3 Bd7 10. Bg2 Qxb3 11. axb3 cxd4 12. exd4 a6 13. O-O Ne7 14.
c4 Bc6 15. c5 Bc7 16. Rfe1 Nf5 17. Bh3 Ne7 18. Bf1 h5 19. h4 Kd7 20. Bd3 Rhg8 21. Kh2 Nf5 22. Bxf5 exf5 23. Rg1 Rae8 24.
Rae1 Rxe1 25. Rxe1 f4 26. Nf1 Bb5 27. N3d2 Rg4 28. f3 fxg3+ 29. Kg2 Rxd4 30. Nb1 Rxh4 31. Nxg3 Bxg3 32. Kxg3 Rb4 33.
Nd2 Rd4 34. Nb1 Rd3 35. Nc3 Bc6 36.
Kf4 d4 37. Ne4 Bxe4 38. Rxe4 Kc6 39. Re7 Rxb3 40. Rxf7 Kxc5 41. Rxf6 Kc4 42. Rh6 Rxb2 43. Rxh5 d3 44. Ke3 Re2+ 45.
Kf4 d2 0-1

[Event "British Rapidplay Championship 2023"]
[Site "Mercure Bradford, Bankfield Hotel"]
[Date "2023.04.16"]
[Round "7.21"]
[White "Cheng, Louis"]
[Black "Walton, Alan J"]
[Result "1/2-1/2"]
[TimeControl "15 minutes plus 10 seconds per move"]
[WhiteElo "1617"]
[BlackElo "2105"]

1. e4 e6 2. d4 d5 3. Nd2 Be7 4. Ngf3 c5 5. exd5 exd5 6. c3 Nc6 7. Bb5 Nf6 8. O-O O-O 9. dxc5 Bxc5 10.
Nb3 Bd6 11. Bg5 a6 12. Bd3 h6 13. Bh4 Bg4 14. h3 Be6 15. Bc2 Be7 16. Re1 Qd7 17. Qd3 g6 18. Nfd4 Nd8 19. Bxf6 Bxf6 20.
Nc5 Qe8 21. Ncxe6 Nxe6 22. Nxe6 fxe6 23. Rxe6 Qf7 24. Qxd5 Rad8 25. Qb3 Kh7 26. Rb6 Qxb3 27. Bxb3 Rd7 28. Rd1 Rxd1+ 29. Bxd1 Rd8 30.
Bf3 Be5 31. Rxb7+ Kh8 32. g3 Rd2 33. Be4 g5 34. Kf1 a5 35. Ke1 Rd8 36. Re7 Bf6 37. Re6 Kg7 38. Ra6 Re8 39. f3 h5 40.
Rxa5 g4 41. hxg4 hxg4 42. Kf2 gxf3 43. Bxf3 Rb8 44. Ra7+ Kg6 45. Rb7 Rd8 46. Be4+ Kg5 47. Kf3 Be5 48. Rf7 Bf6 49. Rh7 Rb8 50.
g4 Be5 51. Rh5+ Kf6 52. Rh6+ Ke7 53. Bf5 Bf6 54. Rh2 Ra8 55. Re2+ Kf7 56. Be4 Rb8 57. a4 Bd8 58. Bd5+ Kf6 59.
b4 Bc7 60. a5 Rh8 61. Rf2 Ke5 62. Ba2 Rh3+ 63. Kg2 Rxc3 64. Rf5+ Kd4 65. Rc5 Rxc5 66. bxc5 Bxa5 67. g5 Kxc5 68.
g6 Bc3 69. Kf3 Kd6 70. Kg4 Ke7 71. Kh5 Bg7 72. Kg5 Kf8 73. Kf5 Bc3 74. Bf7 Kg7 75. Kg5 Bd2+ 1/2-1/2

[Event "British Rapidplay Championship 2023"]
[Site "Mercure Bradford, Bankfield Hotel"]
[Date "2023.04.16"]
[Round "7.22"]
[White "Brencher, Paul"]
[Black "Patrick, Chaski"]
[Result "1/2-1/2"]
[TimeControl "15 minutes plus 10 seconds per move"]
[WhiteElo "1929"]
[BlackElo "2032"]

1. d4 d5 2. Nc3 Nf6 3. Bf4 c6 4. Qd2 Nbd7 5. f3 e6 6. e4 dxe4 7. Nxe4 Nxe4 8. fxe4 Qb6 9. O-O-O Nf6 10.
Qd3 Be7 11. Nf3 O-O 12. h3 Qa5 13. Kb1 c5 14. d5 exd5 15. exd5 c4 16. Qxc4 Bf5 17. Qb5 Qxb5 18. Bxb5 Ne4 19. Rhf1 Bd6 20. Bxd6 Nxd6 21.
Bd3 Bxd3 22. Rxd3 Rfe8 23. Rd2 Nc4 24. Rd4 Rac8 25.
d6 Red8 26. Rfd1 f6 27. b3 Na3+ 28. Kb2 Nxc2 29. R4d2 Ne3 30. Re1 Nf5 31. d7 Rb8 32. g4 Nh6 33. g5 Nf7 34. gxf6 gxf6 35.
Rd5 Kh8 36. Re7 Kg7 37. Nd4 Kf8 38. Re6 Kg7 39. Re7 Kf8 40. Re6 Kg7 41. Nf5+ Kg6 42. Ne7+ Kg7 43. Nf5+ Kg6 44. Ne7+ Kg7 45. Nf5+ 1/2-1/2

[Event "British Rapidplay Championship 2023"]
[Site "Mercure Bradford, Bankfield Hotel"]
[Date "2023.04.16"]
[Round "7.23"]
[White "Gopakumar, Siddharth"]
[Black "Watson, Phil R"]
[Result "0-1"]
[TimeControl "15 minutes plus 10 seconds per move"]
[WhiteElo "1735"]
[BlackElo "2144"]

1. e4 c6 2. Nc3 d5 3. Nf3 Bg4 4.
h3 Bxf3 5. Qxf3 e6 6. d3 Nd7 7. Bd2 Ngf6 8. g4 Ne5 9. Qg3 Qb8 10. f4 Ng6 11. e5 Nd7 12. Be2 Bc5 13. h4 Ne7 14.
Na4 Bd4 15. c3 Bxe5 16. fxe5 b5 17. d4 bxa4 18. Rb1 f6 19. Bf4 Ng6 20. h5 Nxf4 21. Qxf4 fxe5 22. Qg5 exd4 23. Qxg7 Qe5 24.
Qxe5 Nxe5 25. cxd4 Nf7 26. Bd1 Ng5 27. O-O Rf8 28. Bxa4 Rxf1+ 29. Rxf1 Kd7 30. Kg2 Rb8 31. Bb3 Rb4 32.
Rd1 a5 33. Rd2 a4 34. Bd1 Ne4 35. Rc2 Rxd4 36. Bf3 Ng5 37. Be2 e5 38. h6 Nf7 39. Ba6 Kd6 40. Kf3 Rf4+ 41. Kg3 Nxh6 42. Bc8 Nf7 43. Rh2 h6 44.
Bf5 d4 45. Bg6 Kd5 46. b3 axb3 47. axb3 c5 48. Bd3 Rf6 49. Bc4+ Kd6 50. Ra2 Nd8 51. Ra6+ Nc6 52. Bb5 Kc7 53. Bd3 Kb7 54. Ra1 Nb4 55.
Bc4 e4 56. Re1 e3 57. Kh4 Rf2 58. Kg3 Nc6 59. Rh1 Rf6 60. Rh5 Kb6 61. Rf5 Rxf5 62. gxf5 Kc7 63. f6 Kd8 64. Kf4 Ke8 65.
Ke4 Na5 66. Bf1 0-1

[ePGN "0.1;DGT LiveChess/2.2.5"]

[Event "British Rapidplay Championship 2023"]
[Site "Mercure Bradford, Bankfield Hotel"]
[Date "2023.04.16"]
[Round "8.1"]
[White "Ghasi, Ameet K"]
[Black "Eckersley-Waites, Tom"]
[Result "1-0"]
[TimeControl "15 minutes plus 10 seconds per move"]
[WhiteElo "2631"]
[BlackElo "2304"]

1. Nf3 d5 2. g3 Nf6 3. Bg2 g6 4. O-O Bg7 5. d3 a5 6. c4 O-O 7. cxd5 Nxd5 8. d4 Nb6 9. Nc3 Nc6 10.
e3 a4 11. Qe2 Be6 12. Nd2 Qd7 13. Rd1 Bg4 14. f3 Bh3 15. Bxh3 Qxh3 16. Nde4 Rfd8 17. f4 Nb4 18. Bd2 c6 19.
Rac1 a3 20. b3 h5 21. Be1 Qf5 22. Nc5 Ra7 23. Nb1 N6d5 24. e4 Qg4 25. Qxg4 hxg4 26. exd5 Nxa2 27. Rc2 Nb4 28. Bxb4 a2 29.
Bc3 Rxd5 30. Nd2 Rxc5 31. dxc5 Bxc3 32.
Rxc3 a1=Q 33. Rxa1 Rxa1+ 34. Kf2 Ra2 35. Ke3 f5 36. Rd3 Rc2 37. b4 Kf7 38. Rd7 Rc1 39. Ke2 Rg1 40. Nf1 Rg2+ 41. Ke1 Ke6 42. Rxb7 Kd5 43.
Ne3+ 1-0

[Event "British Rapidplay Championship 2023"]
[Site "Mercure Bradford, Bankfield Hotel"]
[Date "2023.04.16"]
[Round "8.2"]
[White "Gormally, Daniel W"]
[Black "Surtees, Mike J"]
[Result "1-0"]
[TimeControl "15 minutes plus 10 seconds per move"]
[WhiteElo "2570"]
[BlackElo "2111"]

1. d4 c6 2. c4 f5 3. Nc3 Nf6 4. Bg5 Ne4 5. Nxe4 fxe4 6. Qd2 h6 7. Bh4 g5 8. Bg3 d6 9. e3 Bg7 10.
Ne2 Bf5 11. Nc3 Nd7 12. Be2 Nf6 13.
O-O O-O 14. f3 Qd7 15. f4 gxf4 16. Bxf4 Kh8 17. Rf2 a6 18. Raf1 Bh7 19. a4 Ng4 20. Bxg4 Qxg4 21. h3 Qh5 22.
Kh2 a5 23. Ne2 Qg6 24. d5 c5 25. Bg3 Rxf2 26. Rxf2 Be5 27. Bxe5+ dxe5 28. Qc3 Qg7 29. g4 b6 30. Ng3 Bg6 31. Kg2 e6 32. dxe6 Re8 33. Qd2 Rxe6 34. Qd5 Re8 35. Nxe4 Bxe4+ 36. Qxe4 h5 37. Rf5 hxg4 38. Rh5+ Kg8 39. Qd5+ Kf8 40. Rf5+ Ke7 41. Qb7+ 1-0

[Event "British Rapidplay Championship 2023"]
[Site "Mercure Bradford, Bankfield Hotel"]
[Date "2023.04.16"]
[Round "8.3"]
[White "Dong, Bao Nghia"]
[Black "Edwards-Wright, Miles D"]
[Result "1-0"]
[TimeControl "15 minutes plus 10 seconds per move"]
[WhiteElo "2331"]
[BlackElo "1937"]

1. b3 d5 2. Bb2 Nf6 3. g3 g6 4. Bg2 Bg7 5. Nf3 O-O 6. O-O b6 7. c4 Bb7 8. d3 c5 9. Nbd2 Nc6 10.
a3 d4 11. b4 Qd6 12. bxc5 bxc5 13. Rb1 Rfb8 14. Ba1 Bc8 15. Qa4 Bd7 16. Qa6 Rxb1 17. Rxb1 Rb8 18. Rb5 Rxb5 19. cxb5 Nb8 20.
Qb7 Qb6 21. Qxb6 axb6 22. a4 Be6 23.
Nc4 Bxc4 24. dxc4 Nfd7 25. Kf1 Kf8 26. Bb2 h6 27. h4 e5 28. Nd2 f5 29. Bb7 Ke7 30. Nb3 Kd6 31. Bd5 Nf6 32.
Bf7 g5 33. hxg5 hxg5 34. Ba3 Nbd7 35. Bg6 f4 36. gxf4 exf4 37. Nxd4 Ke7 38. Nf5+ Kf8 39. Bb2 1-0

[Event "British Rapidplay Championship 2023"]
[Site "Mercure Bradford, Bankfield Hotel"]
[Date "2023.04.16"]
[Round "8.4"]
[White "Kisteneva, Liza"]
[Black "Makkar, Rajat"]
[Result "0-1"]
[TimeControl "15 minutes plus 10 seconds per move"]
[WhiteElo "2040"]
[BlackElo "2297"]

1. c4 c6 2. Nc3 d5 3. cxd5 cxd5 4.
d4 e5 5.
dxe5 d4 6. Qa4+ Nc6 7. Ne4 Bf5 8.
Nd6+ Bxd6 9. exd6 Qxd6 10. Bd2 Nf6 11. Nf3 O-O 12. g3 d3 13. Qf4 Qd5 14. Bg2 dxe2 15. Nh4 Be4 16. f3 Ne5 17.
Kxe2 Qc4+ 18. Ke3 Nd5+ 0-1

[Event "British Rapidplay Championship 2023"]
[Site "Mercure Bradford, Bankfield Hotel"]
[Date "2023.04.16"]
[Round "8.5"]
[White "Hryshchenko, Kamila"]
[Black "Cook, Phil"]
[Result "1/2-1/2"]
[TimeControl "15 minutes plus 10 seconds per move"]
[WhiteElo "2019"]
[BlackElo "2126"]

1. e4 d6 2. d4 Nf6 3. Nc3 e5 4. Nf3 exd4 5. Nxd4 Be7 6. Be2 O-O 7. O-O Re8 8. Be3 Bf8 9. f3 d5 10.
Bg5 c5 11. Nb3 d4 12. Nd5 Nbd7 13. a4 h6 14. Bh4 g5 15.
Nxf6+ Nxf6 16. Bf2 Be6 17. Nd2 Nh5 18. g3 Rc8 19. Bc4 Nf6 20. Qe2 Nd7 21. f4 a6 22. a5 Bg7 23. Bxe6 Rxe6 24.
Qc4 gxf4 25. gxf4 Nf6 26. Bh4 Qe8 27. Bxf6 Rxf6 28. Ra3 Rcc6 29. Rg3 Rg6 30. Kf2 Qe7 31. Rfg1 Qh4 32. f5 Rxg3 33.
hxg3 Qg5 34. Qd3 Be5 35. Nc4 Qf6 36. Rh1 Kg7 37. Qf3 Rc8 38. Qg4+ Kh7 39. Qh5 Re8 40. Kf3 Bc7 41. g4 Rg8 42.
e5 Qg7 43. f6 Qg5 44. Qxg5 Rxg5 45. Kf4 Kg6 46. Rh3 Bb8 47. Rb3 h5 48. gxh5+ Rxh5 49. Rxb7 Rh4+ 50. Kg3 Rh8 51. Kg4 Re8 52.
Re7 Rd8 53. Nb6 d3 54. cxd3 Rxd3 55. Nd7 Rd4+ 56. Kf3 Bc7 57. e6 fxe6 58. f7 Rf4+ 59. Ke3 Rxf7 60. Rxe6+ Kf5 61. Nxc5 Bxa5 62.
Rxa6 Bb4 63. Nd3 Bf8 64. Rc6 Rb7 65. Rc8 Be7 66. Rc6 Rb3 67. Kd2 Bf6 68. Kc2 Rb5 69. b3 Bd4 70. Rd6 Bg7 71.
Ra6 Rb7 72. Rc6 Bd4 73. b4 Bg7 74. Rc8 Rb5 75. Kb3 Ke4 76. Kc4 Rb6 77. Re8 Kf5 78. Kc5 Rb7 79. Kc6 Rf7 80. b5 Bd4 81.
Rd8 Rf6+ 82. Kd5 Rb6 83. Rf8 Kg6 84. Kc4 Be3 85. Rc8 Kf7 86. Nb4 Rh6 87. Nc6 Rh4+ 88. Kd5 Rh5+ 89. Ne5+ Kf6 90. Rf8+ Ke7 91. Rf3 Bb6 92.
Rc3 Bg1 93. Rc7+ Kd8 94. Rg7 Bh2 95. Rg8+ Ke7 96. Rg7+ Kd8 97. Rg8+ Ke7 98. Rg7+ Kd8 99. b6 Rxe5+ 100. Kc6 Re6+ 101. Kb7 Re7+ 1/2-1/2

[Event "British Rapidplay Championship 2023"]
[Site "Mercure Bradford, Bankfield Hotel"]
[Date "2023.04.16"]
[Round "8.6"]
[White "Wells, Peter K"]
[Black "Senior, Gary"]
[Result "1-0"]
[TimeControl "15 minutes plus 10 seconds per move"]
[WhiteElo "2466"]
[BlackElo "1911"]

1. d4 f5 2. e4 fxe4 3. Nc3 Nf6 4. Bg5 c6 5. Qd2 Qa5 6. f3 e5 7. Bxf6 gxf6 8. fxe4 d6 9. Nf3 Be6 10.
Be2 Nd7 11. d5 cxd5 12. exd5 Bg4 13. O-O O-O-O 14. Nh4 Bxe2 15. Qxe2 Nb6 16. Qd3 Bh6 17. Nf5 Bf8 18. a4 Rg8 19.
Kh1 Rg6 20. b4 Qxb4 21. a5 Nd7 22. Ra4 e4 23. Qd2 Qc5 24. Nxe4 Qb5 25. Nexd6+ 1-0

[Event "British Rapidplay Championship 2023"]
[Site "Mercure Bradford, Bankfield Hotel"]
[Date "2023.04.16"]
[Round "8.7"]
[White "Ashton, Adam G"]
[Black "Larchikov, Maksym"]
[Result "1-0"]
[TimeControl "15 minutes plus 10 seconds per move"]
[WhiteElo "2390"]
[BlackElo "1871"]

1. e4 c6 2. d4 d5 3. e5 Bf5 4. Nd2 e6 5. Nb3 Nd7 6. Nf3 c5 7. dxc5 Nxc5 8. Nxc5 Qa5+ 9. c3 Qxc5 10. Be3 Qa5 11. b4 Qc7 12.
Bb5+ Kd8 13. O-O Ne7 14. c4 a6 15. cxd5 axb5 16. d6 Qd7 17. dxe7+ Bxe7 18. Nd4 Be4 19. Qe2 Bxb4 20. Rfd1 Bd5 21.
Nxb5 Ke7 22. a3 Ra5 23. axb4 Qxb5 24. Bc5+ Kd7 25. Rxd5+ 1-0

[Event "British Rapidplay Championship 2023"]
[Site "Mercure Bradford, Bankfield Hotel"]
[Date "2023.04.16"]
[Round "8.8"]
[White "Smith, Andrew P"]
[Black "Pitcher, John"]
[Result "0-1"]
[TimeControl "15 minutes plus 10 seconds per move"]
[WhiteElo "2125"]
[BlackElo "2358"]

1. e4 c5 2. Nf3 e6 3. b3 b6 4. Bb2 Bb7 5. Nc3 Nc6 6. Be2 Nf6 7. O-O Be7 8. d4 cxd4 9. Nxd4 O-O 10.
Kh1 Rc8 11. f4 Nxd4 12. Qxd4 d6 13. Bd3 d5 14. exd5 Bc5 15. Qe5 exd5 16. Nb5 Re8 17. Qf5 Ne4 18. Qg4 Bf8 19. Nxa7 Ra8 20.
Nb5 Qe7 21. a4 Rac8 22. Nd4 Qf6 23. Rab1 Qg6 24. Qxg6 hxg6 25. Rbd1 Be7 26. Nf3 Bc5 27. Nd4 Re7 28. f5 g5 29.
Rde1 Rce8 30. Re2 g4 31. Bb5 Rc8 32. f6 Nxf6 33. Rxe7 Bxe7 34. Nf5 Bd8 35. Bd3 Ne4 36. Bxg7 Rc6 37.
Bd4 Bc8 38. Ne3 g3 39. Nxd5 f5 40. Bc4 Kh7 41. Ne3 0-1

[Event "British Rapidplay Championship 2023"]
[Site "Mercure Bradford, Bankfield Hotel"]
[Date "2023.04.16"]
[Round "8.9"]
[White "Quilter, Thomas A"]
[Black "Khoury, Theo"]
[Result "0-1"]
[TimeControl "15 minutes plus 10 seconds per move"]
[WhiteElo "2134"]
[BlackElo "1772"]

1. e4 c5 2. Nf3 d6 3. c3 Nf6 4.
Bd3 Nc6 5. Bc2 e5 6. h3 g6 7. d4 cxd4 8.
cxd4 exd4 9. Nxd4 Bg7 10. Be3 O-O 11. Nc3 d5 12. Nxc6 bxc6 13. O-O Be6 14. e5 Nd7 15. f4 f6 16.
exf6 Qxf6 17. Ne2 c5 18. f5 gxf5 19. Nf4 d4 20. Nh5 Qf7 21. Nxg7 Qxg7 22. Bf4 Bd5 23. Qd2 Rf6 24. Rae1 Rg6 25.
Rf2 Rf8 26. b3 Kh8 27. Kh2 Rg8 28. g3 Rxg3 29. Re8 Rxh3+ 30. Kxh3 Qg4+ 31. Kh2 Qh4# 0-1

[Event "British Rapidplay Championship 2023"]
[Site "Mercure Bradford, Bankfield Hotel"]
[Date "2023.04.16"]
[Round "8.10"]
[White "McCarthy, Damian M"]
[Black "Ciuravin, Andrei"]
[Result "0-1"]
[TimeControl "15 minutes plus 10 seconds per move"]
[WhiteElo "1860"]
[BlackElo "2185"]

1. e4 c5 2. Nf3 e6 3. d4 cxd4 4.
Nxd4 Nf6 5. Nc3 d6 6. Be3 Be7 7. f3 a6 8. Qd2 b5 9. O-O-O Bb7 10. g4 Nc6 11. g5 Nd7 12. Nxc6 Bxc6 13.
Ne2 O-O 14. Nd4 Bb7 15. h4 Rc8 16. h5 d5 17. Bd3 e5 18. Nf5 d4 19. Bf2 Bxg5 0-1

[Event "British Rapidplay Championship 2023"]
[Site "Mercure Bradford, Bankfield Hotel"]
[Date "2023.04.16"]
[Round "8.11"]
[White "Arkell, Keith C"]
[Black "Sivanandan, Bodhana"]
[Result "1-0"]
[TimeControl "15 minutes plus 10 seconds per move"]
[WhiteElo "2447"]
[BlackElo "1561"]

1. d4 d5 2. Nf3 Nf6 3. c4 c6 4. Qc2 dxc4 5. Qxc4 Bf5 6. g3 e6 7. Bg2 Be7 8. O-O O-O 9. Bg5 Ne4 10. Bxe7 Qxe7 11. Nh4 Nd6 12.
Nxf5 Nxf5 13. e3 Nd7 14. Nd2 e5 15. Nf3 exd4 16. Nxd4 Nxd4 17. Qxd4 Nb6 18. Qc3 h6 19. Rfd1 Rfd8 20. Bf3 Qc7 21. b3 Rxd1+ 22. Rxd1 Rd8 23. Rxd8+ Qxd8 24. a4 Qd6 25. a5 Nd7 26.
b4 Ne5 27. Be4 b6 28. Qd4 Qc7 29. a6 c5 30. bxc5 bxc5 31. Qd5 Nd7 32. Qa8+ Nf8 33. Qb7 Qxb7 34. axb7 Nd7 35. Kf1 Kf8 36.
Ke2 Ke7 37. Bc6 Nb8 38. Bd5 f6 39. Kd3 Kd6 40. e4 a6 41. f4 Nd7 42. Bc4 Kc6 43. Be6 Nb8 44. Bd5+ Kd6 45. h4 Nd7 46. h5 Nb8 47. Kc3 Nd7 48. Kb3 Kc7 49. g4 Nb6 50.
Bc6 a5 51. e5 fxe5 52. fxe5 a4+ 53. Ka2 Nc4 54. e6 Nd6 55. e7 c4 56. Bxa4 Kxb7 57. Kb2 Kb6 58. e8=Q Nxe8 59. Bxe8 Kc5 60. Kc3 Kd5 61. Bf7+ Ke5 62. Kxc4 Kf6 63. Bg6 Kg5 64. Bf5 g6 65. hxg6 Kf6 66.
Bc2 Kg7 67. Kd5 h5 68. gxh5 Kh6 69. Ke6 Kxh5 70. g7 Kh6 71. g8=Q Kh5 72. Qg3 Kh6 73. Qg6 1-0

[Event "British Rapidplay Championship 2023"]
[Site "Mercure Bradford, Bankfield Hotel"]
[Date "2023.04.16"]
[Round "8.12"]
[White "Mosnegutu, Klauss"]
[Black "Mikalajunas, Kajus"]
[Result "1-0"]
[TimeControl "15 minutes plus 10 seconds per move"]
[WhiteElo "2229"]
[BlackElo "1778"]

1. d4 Nf6 2. c4 c5 3. d5 e6 4. Nc3 exd5 5. cxd5 d6 6. e4 g6 7. f4 Bg7 8. Nf3 O-O 9. Be2 Bg4 10. O-O Bxf3 11. Bxf3 Nbd7 12. Re1 Qe7 13. Be3 Rab8 14. a4 a6 15. Qd3 Rfc8 16. Bf2 c4 17.
Qd2 b5 18. axb5 axb5 19. Ra7 Ne8 20. Na2 b4 21. Nxb4 c3 22. bxc3 Bxc3 23. Qxc3 Rxc3 24. Nc6 Qf8 25. Rxd7 Ng7 26.
Nxb8 Qxb8 27. e5 dxe5 28. fxe5 Qc8 29. e6 fxe6 30. dxe6 Rc1 31. Rxc1 Qxc1+ 32. Rd1 Qc7 33. g4 Kf8 34. Bd5 h6 35. Ra1 Ne8 36. Ra7 Qc2 37. Kg2 Qd1 38. Rf7+ Kg8 39. Bf3 Qd6 40. Rd7 Qb8 41.
Bd4 Qc8 42. Be4 Qc1 43. Bxg6 Nc7 44. Rd8+ 1-0

[Event "British Rapidplay Championship 2023"]
[Site "Mercure Bradford, Bankfield Hotel"]
[Date "2023.04.16"]
[Round "8.13"]
[White "Buckley, Colm"]
[Black "Lau, Luke"]
[Result "1/2-1/2"]
[TimeControl "15 minutes plus 10 seconds per move"]
[WhiteElo "1870"]
[BlackElo "1917"]

1. d4 d5 2. c4 e6 3. Nc3 Nf6 4.
Nf3 c5 5. cxd5 Nxd5 6. e3 cxd4 7. Nxd4 Nxc3 8. bxc3 Be7 9. Be2 O-O 10. O-O e5 11. Nb5 Nc6 12. Ba3 Bxa3 13. Nxa3 Be6 14.
Bc4 Qxd1 15. Rfxd1 Bxc4 16. Nxc4 Rfd8 17. Kf1 Kf8 18. Ke2 Ke7 19. f3 f6 20. e4 Ke6 21. Ne3 Ne7 22. Rab1 Rxd1 23. Rxd1 Rc8 24. Rc1 b6 25.
Rc2 Nc6 26. h4 h5 27. Kd3 g6 28. g3 Rd8+ 29. Ke2 Na5 30. Nd5 Rc8 31. Ne3 f5 32. Kd3 Rd8+ 33. Ke2 fxe4 34. fxe4 Nb7 35.
Nd5 Nc5 36. Rd2 Rc8 37. Ke3 Nb7 38. Rc2 Nd6 39. Kd3 Rf8 40. Re2 Rf3+ 41. Re3 Rf2 42. Re2 Rxe2 43. Kxe2 Nxe4 44. Nc7+ Kd7 45. Nb5 a6 46. Kf3 axb5 47.
Kxe4 Kd6 48. a3 Ke6 49. Ke3 Kd5 50. Kd3 e4+ 51. Ke3 Kc4 52. Kxe4 Kxc3 53. Kf4 Kb3 54. Kg5 Kxa3 55. Kxg6 b4 56. Kxh5 b3 57. g4 b2 58. g5 b1=Q 59. Kh6 Qf5 60. h5 b5 61.
g6 b4 62. g7 Qf7 63. g8=Q Qf4+ 64. Qg5 Qd6+ 65. Qg6 Qf8+ 66.
Qg7 Qd6+ 67. Qg6 Qd2+ 68. Qg5 Qc3 69. Qa5+ Kb2 70. Kg6 Qc6+ 71. Kg7 Qd7+ 72. Kg8 Qe6+ 73. Kg7 Qe7+ 74. Kg8 Qe6+ 75.
Kg7 Qg4+ 76. Kf6 b3 77. Qd2+ Ka3 78. Qa5+ Qa4 79. Qc5+ Ka2 80. h6 b2 81. Qd5+ Ka1 82. Qe5 Qc6+ 83.
Kg7 Ka2 84. Qa5+ Kb3 85. Qe1 Qg2+ 86. Kf8 Qf3+ 87. Kg8 Qg4+ 88. Kf7 Qf5+ 89. Kg7 Qg5+ 90. Kh7 Qc1 91. Qe6+ Kc2 92. Qe4+ Kd1 93.
Qd3+ Qd2 94. Qf1+ Kc2 95. Qc4+ Kd1 96. Qf1+ Qe1 97. Qd3+ Kc1 98. Qc4+ Kb1 99. Qd3+ Ka2 100. Qc4+ Ka3 101. Qa6+ Kb3 102. Qb5+ Ka3 103.
Qa6+ Kb4 104. Qb6+ Ka3 105. Qa6+ 1/2-1/2